[Event "Titled Tuesday Blitz November 07 Early 2023"]
[White "Dwilewicz, Katarzyna"]
[Black "Petersson, Kjell"]
[WhiteFideId "1148486"]
[BlackFideId "1705148"]
[WhiteElo "2381"]
[BlackElo "2147"]
[Result "1-0"]
[Round "3"]
[TimeControl "180+1"]
[Date "2023.11.07"]
[WhiteClock "0:00:52"]
[BlackClock "0:00:03"]
[Board "227"]

1. e4 c5 2. Nc3 g6 3. g3 Bg7 4. Bg2 Nc6 5. Nge2 e6 6. d3 Nge7 7. Be3 d6 8. Qd2 h5 9. h4 Rb8 10. f4 b5 11. e5 a6 12. exd6 Qxd6 13. Ne4 Qc7 14. Bxc5 O-O 15. Bd6 Qb7 16. Bxb8 Qxb8 17. O-O-O a5 18. Kb1 Ba6 19. Nc5 Qa7 20. Nxa6 Qxa6 21. d4 Rd8 22. c3 b4 23. Qd3 Qb6 24. Qc4 bxc3 25. Nxc3 Bxd4 26. Na4 Qc7 27. Rc1 Rc8 28. Rhd1 Bg7 29. Nc5 Qb8 30. Qb3 Qa7 31. Rd7 Qa8 32. Rxe7 Rb8 33. Rb7 Rxb7 34. Qxb7 Qe8 35. Qxc6 Qb8 36. Nb3 a4 37. Qc8+ Qxc8 38. Rxc8+ Kh7 39. Nc5 1-0


[Site "https://www.chess.com"]

[Event "Titled Tuesday Blitz November 07 Early 2023"]
[White "Modric, Nesa"]
[Black "EvgenyBurmakin"]
[WhiteFideId "922579"]
[WhiteElo "2144"]
[BlackElo "2380"]
[Result "1-0"]
[Round "3"]
[TimeControl "180+1"]
[Date "2023.11.07"]
[WhiteClock "0:01:01"]
[BlackClock "0:00:33"]
[Board "228"]

1. e4 c5 2. c3 Nf6 3. e5 Nd5 4. Nf3 e6 5. d4 cxd4 6. cxd4 b6 7. a3 Bb7 8. Bd3 Be7 9. O-O d6 10. Qe2 Nc6 11. Bd2 Qd7 12. Nc3 Nxc3 13. Bxc3 Rd8 14. Rfd1 O-O 15. Qe4 g6 16. Qg4 Rc8 17. h4 h5 18. Qg3 Kg7 19. Be4 Rfd8 20. exd6 Bxd6 21. d5+ Kg8 22. dxc6 Bxc6 23. Bxc6 Qxc6 24. Qg5 Qa4 25. Qf6 e5 26. Bxe5 Bxe5 27. Rxd8+ Kh7 28. Qxf7+ 1-0


[Site "https://www.chess.com"]

[Event "Titled Tuesday Blitz November 07 Early 2023"]
[White "Spichkin, Alexander"]
[Black "Estevez Polanco, Leonardo Rafael"]
[WhiteFideId "4144074"]
[BlackFideId "6402798"]
[WhiteElo "2368"]
[BlackElo "2143"]
[Result "0-1"]
[Round "3"]
[TimeControl "180+1"]
[Date "2023.11.07"]
[WhiteClock "0:01:56"]
[BlackClock "0:01:57"]
[Board "229"]

1. f4 e5 2. e4 d5 3. exd5 e4 4. Nc3 Nf6 5. d3 Bb4 6. Bd2 e3 7. Qe2 O-O 8. Bxe3 Nxd5 9. Kf2 Bxc3 10. bxc3 Re8 11. c4 Nxe3 12. Qd1 Nxd1+ 13. Rxd1 Nc6 14. Nf3 Bg4 15. d4 Bxf3 16. gxf3 Nxd4 17. c3 Qh4+ 18. Kg2 0-1


[Site "https://www.chess.com"]

[Event "Titled Tuesday Blitz November 07 Early 2023"]
[White "Fernandez Hernandez, Gerardo"]
[Black "Mejia, Cherry Ann"]
[WhiteFideId "2207400"]
[BlackFideId "5206880"]
[WhiteElo "2130"]
[BlackElo "2367"]
[Result "0-1"]
[Round "3"]
[TimeControl "180+1"]
[Date "2023.11.07"]
[WhiteClock "0:00:00"]
[BlackClock "0:00:11"]
[Board "230"]

1. e4 c5 2. d3 d5 3. Nd2 Nc6 4. g3 Nf6 5. Bg2 e5 6. Ngf3 Be7 7. O-O O-O 8. exd5 Nxd5 9. Nc4 f6 10. c3 b5 11. Ne3 Nxe3 12. Bxe3 Bb7 13. Qb3+ Kh8 14. Qxb5 Rb8 15. Bxc5 Ba8 16. Bxe7 Qxe7 17. Qa4 Rxb2 18. Nh4 Qc5 19. Rab1 Rfb8 20. Rxb2 Rxb2 21. d4 exd4 22. cxd4 Qb5 23. Qa3 Qb4 24. Qa6 Bb7 25. Qd3 Qxd4 26. Qf5 g6 27. Nxg6+ hxg6 28. Qxg6 Ne7 29. Qe8+ Ng8 30. Qh5+ Kg7 31. Qe8 Bxg2 32. Kxg2 Qd5+ 33. Kg1 Rxa2 34. Qb8 Qf7 35. h4 Ne7 36. Rc1 a5 37. Rc7 Re2 38. Qa7 Re1+ 39. Kh2 Qe6 0-1


[Site "https://www.chess.com"]

[Event "Titled Tuesday Blitz November 07 Early 2023"]
[White "DonCiao"]
[Black "Corredor Castellanos, Camilo"]
[BlackFideId "4425871"]
[WhiteElo "2129"]
[BlackElo "2365"]
[Result "0-1"]
[Round "3"]
[TimeControl "180+1"]
[Date "2023.11.07"]
[WhiteClock "0:00:00"]
[BlackClock "0:00:54"]
[Board "231"]

1. c4 e5 2. g3 Nf6 3. Bg2 d5 4. cxd5 Nxd5 5. Nc3 Nb6 6. Nf3 Nc6 7. O-O Be7 8. d3 O-O 9. a3 Re8 10. b4 Nd4 11. Nxe5 Bf6 12. f4 Bxe5 13. fxe5 Rxe5 14. Bf4 Re8 15. e3 Ne6 16. Rc1 c6 17. e4 Qd4+ 18. Kh1 Nxf4 19. Rxf4 Be6 20. Qf3 Rad8 21. Bf1 g5 22. Rf6 Kg7 23. Rxe6 Rxe6 24. Qg4 Re5 25. h4 h5 26. Qxh5 Rh8 27. Qg4 Nd7 28. Kg2 Nf6 29. Ne2 Nxg4 30. Nxd4 gxh4 31. Be2 h3+ 32. Kf3 h2 33. Rh1 Rg5 34. Nf5+ Kf6 35. d4 Rd8 36. Bd3 a5 37. bxa5 Ra8 38. a6 bxa6 39. e5+ Ke6 40. Bc4+ Kd7 0-1


[Site "https://www.chess.com"]

[Event "Titled Tuesday Blitz November 07 Early 2023"]
[White "ChessDojo"]
[Black "Vigoa Apecheche, Yanira"]
[BlackFideId "3507041"]
[WhiteElo "2126"]
[BlackElo "2360"]
[Result "0-1"]
[Round "3"]
[TimeControl "180+1"]
[Date "2023.11.07"]
[WhiteClock "0:01:37"]
[BlackClock "0:01:38"]
[Board "232"]

1. d4 Nf6 2. c4 c5 3. Nf3 cxd4 4. Nxd4 g6 5. Nc3 Bg7 6. e4 O-O 7. g3 Nc6 8. Be3 d6 9. Bg2 Nxd4 10. Bxd4 Be6 11. b3 Rb8 12. O-O a6 13. Rc1 b5 14. Nd5 Bxd5 15. cxd5 Qa5 16. Qe2 Rbc8 17. h4 h5 18. Bh3 Rxc1 19. Rxc1 Qb4 20. Qd3 Qa3 21. Rc2 Qb4 22. Bc3 Qxe4 23. Qxe4 Nxe4 24. Bxg7 Kxg7 25. Rc7 Kf6 26. Ra7 Nc5 27. b4 Nd3 28. a3 Rb8 29. Rxa6 Ne5 30. Kg2 Nc4 31. Ra7 Nb6 32. Rc7 Nxd5 33. Rc2 Ra8 34. Ra2 Nxb4 35. Rb2 Nc6 36. Rxb5 Rxa3 37. Bd7 Ne5 38. Rb7 Ra2 39. Bb5 Ng4 0-1


[Site "https://www.chess.com"]

[Event "Titled Tuesday Blitz November 07 Early 2023"]
[White "Fajdetic, Hrvoje"]
[Black "Flis, Pawel"]
[WhiteFideId "14501945"]
[BlackFideId "1112864"]
[WhiteElo "2358"]
[BlackElo "2106"]
[Result "0-1"]
[Round "3"]
[TimeControl "180+1"]
[Date "2023.11.07"]
[WhiteClock "0:00:00"]
[BlackClock "0:00:18"]
[Board "233"]

1. d4 c5 2. d5 Nf6 3. Nc3 e6 4. e4 d6 5. Be2 exd5 6. exd5 Be7 7. Bf4 O-O 8. Nf3 Na6 9. O-O Nc7 10. a4 b6 11. h3 a6 12. Qd3 Rb8 13. Rfd1 b5 14. axb5 axb5 15. Bh2 b4 16. Ne4 Bb7 17. Nxc5 Bxd5 18. Na6 Nxa6 19. Rxa6 Be4 20. Qd2 Rb6 21. Ra7 d5 22. Nd4 Bd6 23. Bxd6 Qxd6 24. f3 Bg6 25. Bd3 Qc5 26. Bxg6 hxg6 27. Kh1 Re8 28. Rda1 Rbb8 29. Qf4 Rbd8 30. Rc7 Qd6 31. Qxd6 Rxd6 32. Raa7 Rf8 33. Rab7 Ra6 34. Rxb4 Ra1+ 35. Kh2 Rd1 36. c3 Re8 37. Rbb7 Rf8 0-1


[Site "https://www.chess.com"]

[Event "Titled Tuesday Blitz November 07 Early 2023"]
[White "Osiecki, Stanislaw"]
[Black "rikchessmx"]
[WhiteFideId "1102990"]
[WhiteElo "2103"]
[BlackElo "2356"]
[Result "1-0"]
[Round "3"]
[TimeControl "180+1"]
[Date "2023.11.07"]
[WhiteClock "0:01:03"]
[BlackClock "0:02:13"]
[Board "234"]

1. e4 c5 2. c3 e6 3. d4 d5 4. e5 Nc6 5. Nf3 a6 6. Bd3 Qb6 7. dxc5 Bxc5 8. O-O Qc7 9. Bf4 f6 10. exf6 e5 11. Nxe5 Nxe5 12. Bxe5 Bd6 13. Bxd6 Qf7 14. Re1+ Kd8 15. fxg7 Qxg7 16. Be5 Nf6 17. Qf3 Rf8 18. Nd2 Bg4 19. Bxf6+ Qxf6 20. Qxg4 Qxf2+ 21. Kh1 Qxd2 22. Rad1 Qxb2 23. Bf1 Kc7 24. Qg3+ Kb6 25. Rb1 1-0


[Site "https://www.chess.com"]

[Event "Titled Tuesday Blitz November 07 Early 2023"]
[White "Gaikwad, Siddhant"]
[Black "Iunusovnuriddin"]
[WhiteFideId "25010239"]
[WhiteElo "2095"]
[BlackElo "2350"]
[Result "1-0"]
[Round "3"]
[TimeControl "180+1"]
[Date "2023.11.07"]
[WhiteClock "0:00:52"]
[BlackClock "0:00:00"]
[Board "235"]

1. e4 c5 2. Nf3 e6 3. d4 cxd4 4. Nxd4 Nc6 5. Nxc6 bxc6 6. c4 Nf6 7. Bd3 d5 8. Nc3 Bb4 9. e5 d4 10. exf6 dxc3 11. O-O Qxf6 12. Qa4 cxb2 13. Bxb2 Qxb2 14. Qxc6+ Ke7 15. Qxa8 Rd8 16. Qf3 Bc5 17. Rab1 Qxa2 18. Bxh7 Qxc4 19. Rfd1 Bd6 20. Be4 Rh8 21. g3 a5 22. Rbc1 Qa6 23. Qd3 Qxd3 24. Rxd3 Bb4 25. Rc7+ Kf6 26. Rf3+ Ke5 27. Bc2 f5 28. Rxg7 Rd8 29. h4 Rd2 30. Bb3 Rd4 31. h5 Bf8 32. Rg8 Rd8 33. h6 Bb7 34. Re3+ Kf6 35. Rxe6+ Kf7 36. Rd6+ Ke7 37. Rxd8 1-0


[Site "https://www.chess.com"]

[Event "Titled Tuesday Blitz November 07 Early 2023"]
[White "secrethawk1"]
[Black "Yushko, Olga"]
[BlackFideId "14114500"]
[WhiteElo "2348"]
[BlackElo "2081"]
[Result "1-0"]
[Round "3"]
[TimeControl "180+1"]
[Date "2023.11.07"]
[WhiteClock "0:00:28"]
[BlackClock "0:00:01"]
[Board "236"]

1. d4 e6 2. e4 d5 3. Nc3 Nf6 4. Bg5 dxe4 5. Nxe4 Be7 6. Bxf6 Bxf6 7. Nf3 O-O 8. Bd3 g6 9. c3 Bg7 10. O-O Nd7 11. Re1 Nf6 12. b4 b6 13. Nxf6+ Qxf6 14. Be4 Rb8 15. Ne5 Qh4 16. g3 Qg5 17. Nc6 Rb7 18. h4 Qf6 19. Re3 e5 20. dxe5 Qe6 21. Nd8 Rxd8 22. Qxd8+ Bf8 23. Bd5 Qh3 24. Rf3 c6 25. Bxc6 Re7 26. Bd5 Bg4 27. Rxf7 Rxf7 28. Qe8 1-0


[Site "https://www.chess.com"]

[Event "Titled Tuesday Blitz November 07 Early 2023"]
[White "Fernandez Sanchez, Mario Andres"]
[Black "Shapiro, Daniel"]
[WhiteFideId "6501621"]
[BlackFideId "2001780"]
[WhiteElo "2078"]
[BlackElo "2346"]
[Result "1/2-1/2"]
[Round "3"]
[TimeControl "180+1"]
[Date "2023.11.07"]
[WhiteClock "0:00:20"]
[BlackClock "0:00:02"]
[Board "237"]

1. d4 Nf6 2. Bf4 b6 3. Nc3 Bb7 4. f3 d5 5. e3 a6 6. Qd2 e6 7. O-O-O Bd6 8. Bd3 Bxf4 9. exf4 c5 10. dxc5 bxc5 11. Na4 Nbd7 12. c4 d4 13. Ne2 Bc6 14. Bc2 Rb8 15. Rhe1 O-O 16. Nxc5 Nxc5 17. Nxd4 Qb6 18. b3 Rfd8 19. Qe3 Be8 20. f5 a5 21. fxe6 Nxe6 22. Nxe6 Qxe3+ 23. Rxe3 Rxd1+ 24. Kxd1 fxe6 25. Rxe6 a4 26. g4 Bg6 27. Bxg6 hxg6 28. Kc2 Kf7 29. Ra6 axb3+ 30. axb3 Rh8 31. Ra7+ Ke6 32. Rxg7 Rxh2+ 33. Kc3 Rf2 34. Rxg6 Rxf3+ 35. Kb4 Kf7 36. Rg5 Rg3 37. c5 Nxg4 38. c6 Ke6 39. c7 Kd7 40. Rg7+ Kc8 41. Ka4 Rc3 42. Rxg4 Rxc7 43. b4 Kb7 44. Ka5 Re7 45. b5 Re6 46. Rg7+ Kb8 47. Rh7 Rf6 48. Rg7 Re6 49. Rf7 Rg6 50. Re7 Rf6 51. b6 Rf1 52. Re8+ Kb7 53. Re7+ Kb8 54. Re5 Ra1+ 55. Kb5 Rb1+ 56. Kc6 Rc1+ 57. Kd6 Rd1+ 58. Rd5 Rxd5+ 59. Kxd5 Kb7 60. Kc5 Kb8 61. Kb4 Kb7 62. Kb5 Kb8 63. Ka6 Ka8 64. b7+ Kb8 65. Kb6 1/2-1/2


[Site "https://www.chess.com"]

[Event "Titled Tuesday Blitz November 07 Early 2023"]
[White "Pumpkin_in_moonlight"]
[Black "Dahlgren, James Allen"]
[BlackFideId "22256873"]
[WhiteElo "2344"]
[BlackElo "2064"]
[Result "0-1"]
[Round "3"]
[TimeControl "180+1"]
[Date "2023.11.07"]
[WhiteClock "0:00:00"]
[BlackClock "0:00:09"]
[Board "238"]

1. e4 e6 2. d4 c5 3. Nf3 cxd4 4. Nxd4 Nf6 5. Nc3 Nc6 6. Ndb5 d6 7. Bf4 e5 8. Bg5 a6 9. Na3 b5 10. Nd5 Be7 11. Bxf6 Bxf6 12. c4 b4 13. Nb1 O-O 14. Bd3 Bg5 15. O-O g6 16. a3 bxa3 17. Rxa3 Be6 18. Nbc3 Nd4 19. Ne2 Nxe2+ 20. Qxe2 f5 21. exf5 gxf5 22. f4 Bxd5 23. fxg5 Be6 24. Qh5 Qb6+ 25. Kh1 Qxb2 26. g6 Ra7 27. gxh7+ Rxh7 28. Qg6+ Kh8 29. Qxe6 Qxa3 30. Bxf5 Qg3 31. h3 Qg7 32. Rf3 Rh6 33. Qd5 Rhf6 34. g4 Rxf5 35. Rxf5 Rxf5 36. gxf5 Qg3 37. Qa8+ Kg7 38. Qb7+ Kf6 39. Qxa6 Qxh3+ 40. Kg1 Qg3+ 41. Kf1 Qf3+ 42. Ke1 Qe3+ 43. Kd1 Qd3+ 44. Kc1 Kxf5 45. Qc8+ Ke4 46. c5 Qc4+ 47. Kd2 Qxc5 48. Qg4+ Kd5 49. Qg8+ Kc6 50. Qa8+ Kb5 51. Qb8+ Qb6 52. Qe8+ Kb4 53. Qf8 Qc5 54. Qb8+ Kc4 55. Qg8+ Qd5+ 56. Qxd5+ Kxd5 0-1


[Site "https://www.chess.com"]

[Event "Titled Tuesday Blitz November 07 Early 2023"]
[White "Djordjevic, Dejan N"]
[Black "Kujawski, Adam"]
[WhiteFideId "913316"]
[BlackFideId "1100920"]
[WhiteElo "2063"]
[BlackElo "2341"]
[Result "0-1"]
[Round "3"]
[TimeControl "180+1"]
[Date "2023.11.07"]
[WhiteClock "0:00:41"]
[BlackClock "0:00:45"]
[Board "239"]

1. e4 e5 2. Nf3 Nc6 3. Bc4 Nf6 4. d3 d5 5. exd5 Nxd5 6. O-O Nb6 7. Bb3 Bg4 8. Be3 Bd6 9. Nbd2 Qe7 10. h3 Bh5 11. Ne4 O-O-O 12. Ng3 Bg6 13. a4 a5 14. Bxb6 cxb6 15. Re1 Qc7 16. Ne4 Bb4 17. c3 Bc5 18. Nxc5 bxc5 19. Nxe5 Nxe5 20. d4 Nd3 21. Re2 c4 22. Ba2 Rhe8 23. b3 cxb3 24. Rxe8 Rxe8 25. Qxb3 Re1+ 26. Rxe1 Nxe1 27. c4 Nc2 28. Qc3 Nb4 29. Bb3 Qf4 30. c5 Qe4 31. d5 Nxd5 32. Qxa5 Qb1+ 0-1


[Site "https://www.chess.com"]

[Event "Titled Tuesday Blitz November 07 Early 2023"]
[White "Topalov, Aleksandar"]
[Black "abelmat"]
[WhiteFideId "925659"]
[WhiteElo "2340"]
[BlackElo "1977"]
[Result "1-0"]
[Round "3"]
[TimeControl "180+1"]
[Date "2023.11.07"]
[WhiteClock "0:00:02"]
[BlackClock "0:00:00"]
[Board "240"]

1. b3 d5 2. Bb2 c5 3. e3 Nf6 4. Nf3 Nc6 5. Bb5 Bd7 6. O-O a6 7. Bxc6 Bxc6 8. Ne5 Rc8 9. f4 e6 10. d3 Bd6 11. a4 O-O 12. Nd2 b5 13. axb5 axb5 14. Qf3 Ba8 15. Qg3 d4 16. e4 Nd7 17. Ndf3 f6 18. Nxd7 Qxd7 19. e5 fxe5 20. fxe5 Be7 21. Bc1 Bxf3 22. Rxf3 Rxf3 23. Qxf3 Rf8 24. Ra8 Qc7 25. Rxf8+ Bxf8 26. Qe4 g6 27. Bg5 Bg7 28. Bf4 Qf7 29. g3 Qf5 30. Qa8+ Bf8 31. Qc6 g5 32. Bd2 b4 33. Qe4 Qf7 34. Kg2 h6 35. g4 Bg7 36. Be1 Qc7 37. Bg3 Kf7 38. Qf3+ Kg8 39. Qe4 Qa7 40. h3 Qf7 41. Qa8+ Kh7 42. Qe4+ Kg8 43. Qa8+ Bf8 44. Qe4 Qa7 45. Qf3 Qa2 46. Qf2 Qb1 47. Qe2 Qc1 48. Bf2 Qf4 49. Bg3 Qc1 50. Bf2 1-0


[Site "https://www.chess.com"]

[Event "Titled Tuesday Blitz November 07 Early 2023"]
[White "Freeeeeeeeeeeeeeeeee"]
[Black "Soumya, Swaminathan"]
[BlackFideId "5016193"]
[WhiteElo "2021"]
[BlackElo "2340"]
[Result "0-1"]
[Round "3"]
[TimeControl "180+1"]
[Date "2023.11.07"]
[WhiteClock "0:00:05"]
[BlackClock "0:00:10"]
[Board "241"]

1. e4 c5 2. Nf3 Nc6 3. Bb5 g6 4. h3 Bg7 5. Bxc6 dxc6 6. O-O Nf6 7. d3 Nd7 8. Nc3 e5 9. Be3 b6 10. a3 a5 11. Rb1 a4 12. Qc1 h6 13. Ne2 Nf8 14. Rd1 Ne6 15. c3 Ba6 16. Qc2 O-O 17. Nc1 Qe7 18. d4 exd4 19. cxd4 cxd4 20. Nxd4 c5 21. Nxe6 Qxe6 22. b4 axb3 23. Rxb3 Bb7 24. Qb1 Bxe4 25. Nd3 Ra6 26. f3 Bd5 27. Nf4 Bxb3 28. Nxe6 Bxe6 29. Bf2 Rc8 30. Rd6 c4 31. Rxb6 Rxa3 32. Rb8 Rxb8 33. Qxb8+ Kh7 34. Be3 Rxe3 35. Qb1 Bd4 36. Kh2 c3 37. Qc1 Bf5 38. g4 Bd3 39. Kg3 Be5+ 40. Kf2 Re2+ 41. Kg1 Bd4+ 42. Kh1 c2 43. g5 Be3 44. Qxe3 Rxe3 0-1


[Site "https://www.chess.com"]

[Event "Titled Tuesday Blitz November 07 Early 2023"]
[White "Mirza, Diana"]
[Black "Rose, Felix"]
[WhiteFideId "2503999"]
[BlackFideId "5105722"]
[WhiteElo "1960"]
[BlackElo "2337"]
[Result "1-0"]
[Round "3"]
[TimeControl "180+1"]
[Date "2023.11.07"]
[WhiteClock "0:00:19"]
[BlackClock "0:00:18"]
[Board "242"]

1. e4 e5 2. Nf3 Nc6 3. Bc4 Nf6 4. O-O Bc5 5. d3 d6 6. c3 a5 7. a4 Ba7 8. Bg5 h6 9. Bh4 g5 10. Bg3 Qe7 11. Na3 Be6 12. Bxe6 Qxe6 13. Nb5 Bb6 14. d4 Qe7 15. d5 Nb8 16. Qc2 Nbd7 17. b4 Nh7 18. bxa5 Bxa5 19. Rfb1 h5 20. h3 h4 21. Bh2 Nc5 22. Na3 Rg8 23. Nc4 b6 24. Ne3 Qf6 25. Ng4 Qg6 26. Nd2 Nf6 27. f3 Nh5 28. Nc4 Kd7 29. Ncxe5+ dxe5 30. Nxe5+ Kc8 31. Nxg6 Rxg6 32. e5 Nf4 33. Bxf4 gxf4 34. Qf5+ Kb7 35. Qxf7 Rag8 36. Ra2 Bxc3 37. d6 R8g7 38. Qd5+ Ka6 39. a5 Bxa5 40. Rba1 c6 41. Qxc6 Nb3 42. Qc4+ Kb7 43. Qxb3 Kc6 44. Rc1+ Kb7 45. Qd5+ Ka6 46. Qd3+ Ka7 47. Rc7+ Rxc7 48. dxc7 Rc6 49. Rxa5+ bxa5 50. Qd8 Rc1+ 51. Kh2 Rc2 52. Qb8+ Ka6 53. c8=Q+ Rxc8 54. Qxc8+ Kb5 55. Qc2 a4 56. e6 Kb4 57. e7 Ka3 58. e8=Q Kb4 59. Qb8+ Ka5 60. Qc5+ Ka6 61. Qcb6# 1-0


[Site "https://www.chess.com"]

[Event "Titled Tuesday Blitz November 07 Early 2023"]
[White "Fernandez Garcia, Gumersindo"]
[Black "Gyulamiryan-koryun"]
[WhiteFideId "24516740"]
[WhiteElo "2326"]
[BlackElo "1891"]
[Result "1-0"]
[Round "3"]
[TimeControl "180+1"]
[Date "2023.11.07"]
[WhiteClock "0:01:35"]
[BlackClock "0:00:41"]
[Board "243"]

1. e4 e5 2. Nf3 Nc6 3. d4 exd4 4. Bc4 Nf6 5. O-O Bc5 6. e5 d5 7. exf6 dxc4 8. Re1+ Be6 9. fxg7 Rg8 10. Ng5 Qf6 11. Nxe6 fxe6 12. Qh5+ Qg6 13. Qxc5 Rxg7 14. g3 O-O-O 15. Qxc4 Ne5 16. Rxe5 Qg4 17. Qxe6+ Qxe6 18. Rxe6 d3 19. cxd3 Rxd3 20. Nc3 1-0


[Site "https://www.chess.com"]

[Event "Titled Tuesday Blitz November 07 Early 2023"]
[White "Chemin, Justo Reinaldo"]
[Black "katharinareinecke"]
[WhiteFideId "2101580"]
[WhiteElo "2208"]
[BlackElo "1881"]
[Result "1/2-1/2"]
[Round "3"]
[TimeControl "180+1"]
[Date "2023.11.07"]
[WhiteClock "0:00:10"]
[BlackClock "0:00:30"]
[Board "244"]

1. d4 d5 2. c4 c6 3. cxd5 cxd5 4. Nc3 Nf6 5. Bf4 e6 6. e3 Bd6 7. Bg3 O-O 8. Bd3 a6 9. Nf3 b5 10. Ne5 Bb7 11. f4 Nbd7 12. Bh4 Rc8 13. Qf3 b4 14. Ne2 b3 15. O-O bxa2 16. Rxa2 Qb6 17. Rfa1 Ne4 18. Bxe4 dxe4 19. Nxd7 exf3 20. Nxb6 fxe2 21. Nxc8 Rxc8 22. Kf2 Rc2 23. b3 Rc3 24. Kxe2 Rxb3 25. g4 Bb4 26. Be1 Bxe1 27. Rxe1 g6 28. Rc1 Kg7 29. Rc7 h5 30. gxh5 gxh5 31. Rxb7 Rxb7 32. Rxa6 Rb2+ 33. Kf3 Rxh2 34. e4 h4 35. d5 exd5 36. exd5 Rd2 37. d6 h3 38. Kg3 h2 39. Ra1 Rxd6 40. Kxh2 Rh6+ 41. Kg3 Rg6+ 42. Kf3 Re6 43. Ra2 Rf6 44. Rg2+ Rg6 45. Rxg6+ Kxg6 46. Kg4 f6 47. Kg3 Kf5 48. Kf3 Ke6 49. Kg3 Kf5 50. Kf3 Ke6 51. Ke4 f5+ 52. Kd4 Kd6 53. Kc4 Kc6 54. Kd4 Kd6 55. Kc4 Kc6 56. Kd4 Kd6 1/2-1/2


[Site "https://www.chess.com"]

[Event "Titled Tuesday Blitz November 07 Early 2023"]
[White "Subelj, Jan"]
[Black "Carlsen, Magnus"]
[WhiteFideId "14618583"]
[BlackFideId "1503014"]
[WhiteElo "2871"]
[BlackElo "3270"]
[Result "0-1"]
[Round "4"]
[TimeControl "180+1"]
[Date "2023.11.07"]
[WhiteClock "0:00:12"]
[BlackClock "0:01:47"]
[Board "1"]

1. e4 c5 2. Nf3 a6 3. c4 e6 4. Nc3 Nf6 5. Be2 d5 6. exd5 exd5 7. d4 dxc4 8. Bxc4 b5 9. Be2 Bb7 10. O-O Nbd7 11. dxc5 Bxc5 12. Bf4 O-O 13. Bd6 Re8 14. Bxc5 Nxc5 15. Qxd8 Raxd8 16. a3 Nd5 17. Rfe1 Nf4 18. Bf1 Bxf3 19. gxf3 Rxe1 20. Rxe1 Kf8 21. b4 Nb3 22. Ne4 Nd4 23. Re3 Nf5 24. Rc3 Nh4 25. Nc5 Rd1 0-1


[Site "https://www.chess.com"]

[Event "Titled Tuesday Blitz November 07 Early 2023"]
[White "Klukin, Kirill"]
[Black "Nihal Sarin"]
[WhiteFideId "24199273"]
[BlackFideId "25092340"]
[WhiteElo "2854"]
[BlackElo "3113"]
[Result "0-1"]
[Round "4"]
[TimeControl "180+1"]
[Date "2023.11.07"]
[WhiteClock "0:00:06"]
[BlackClock "0:00:14"]
[Board "2"]

1. d4 a6 2. c4 b5 3. e4 Bb7 4. e5 bxc4 5. Nf3 e6 6. Bxc4 Ne7 7. Nc3 Nbc6 8. O-O Nb4 9. Bg5 h6 10. Bh4 g5 11. Bg3 Bg7 12. Nd2 Nbd5 13. Qe2 h5 14. h3 Nxc3 15. bxc3 Nf5 16. Bd3 g4 17. hxg4 Nxg3 18. fxg3 Qg5 19. Be4 Bxe4 20. Nxe4 Qxg4 21. Qxg4 hxg4 22. Rab1 Ke7 23. Rb7 Bh6 24. Rfb1 a5 25. Kf2 Rhc8 26. Nf6 a4 27. Nxg4 Bd2 28. c4 Bc3 29. d5 Ra5 30. Rd1 Rc5 31. d6+ cxd6 32. exd6+ Ke8 33. Ne3 Be5 34. Ng4 Bg7 35. Ne3 a3 36. Kf3 R5c6 37. Ra7 Bb2 38. Rd3 Be5 39. Raxa3 Rxd6 40. Rxd6 Bxd6 41. Rb3 Ke7 42. g4 Ra8 43. Rb2 Ra3 44. Ke2 Bc5 45. Nc2 Rg3 46. Kf1 Rxg4 47. a4 Rxc4 48. Ra2 Rf4+ 49. Ke1 Rf2 50. g4 Rg2 51. a5 Rxg4 52. a6 Ba7 53. Ke2 d5 54. Kf3 Rc4 55. Ke2 e5 56. Ne3 Re4 57. Ra3 Ke6 58. Kd2 Bxe3+ 59. Rxe3 Ra4 0-1


[Site "https://www.chess.com"]

[Event "Titled Tuesday Blitz November 07 Early 2023"]
[White "Firouzja, Alireza"]
[Black "Tarigan, Gilbert Elroy"]
[WhiteFideId "12573981"]
[BlackFideId "7108133"]
[WhiteElo "3077"]
[BlackElo "2846"]
[Result "1-0"]
[Round "4"]
[TimeControl "180+1"]
[Date "2023.11.07"]
[WhiteClock "0:00:34"]
[BlackClock "0:00:00"]
[Board "3"]

1. a3 a6 2. c3 h6 3. e4 d5 4. exd5 Qxd5 5. d4 Nf6 6. Nf3 Nc6 7. c4 Qh5 8. d5 Ne5 9. Be2 Nxf3+ 10. Bxf3 Bg4 11. Qa4+ b5 12. cxb5 Bxf3 13. gxf3 Qxf3 14. bxa6+ Kd8 15. Rg1 Qe4+ 16. Qxe4 Nxe4 17. Rg4 f5 18. Rg6 Nf6 19. Nc3 Rxa6 20. Bf4 c6 21. O-O-O Ke8 22. Kb1 Kf7 23. dxc6 Rxc6 24. Rg3 g5 25. Be5 Bg7 26. Re3 Ng4 27. Bxg7 Nxe3 28. Bxh8 Nxd1 29. Nxd1 Ke6 30. Nc3 f4 31. b4 Kf5 32. Nd5 Ke6 33. Nc3 Kf5 34. b5 Rc8 35. Bg7 Rg8 36. Bxh6 Kg6 37. a4 Kxh6 38. b6 Ra8 39. Kb2 Ra6 40. Nd5 1-0


[Site "https://www.chess.com"]

[Event "Titled Tuesday Blitz November 07 Early 2023"]
[White "Yanchenko, Roman"]
[Black "Duda, Jan-Krzysztof"]
[WhiteFideId "4137329"]
[BlackFideId "1170546"]
[WhiteElo "2842"]
[BlackElo "3076"]
[Result "0-1"]
[Round "4"]
[TimeControl "180+1"]
[Date "2023.11.07"]
[WhiteClock "0:00:00"]
[BlackClock "0:00:07"]
[Board "4"]

1. d4 Nf6 2. Nf3 g6 3. Bf4 Nh5 4. Bd2 d5 5. c4 c6 6. Nc3 Bg7 7. e3 O-O 8. Rc1 e6 9. b4 a6 10. a4 Nd7 11. b5 cxb5 12. axb5 dxc4 13. bxa6 Nb6 14. axb7 Bxb7 15. Rb1 Qd6 16. Be2 Nf6 17. O-O Rfc8 18. Ne5 Ne4 19. f4 Nxc3 20. Bxc3 Be4 21. Rc1 Ra2 22. Bf3 Bxf3 23. Qxf3 f6 24. Ng4 Nd5 25. e4 Nxc3 26. Qxc3 Ra3 27. Qb2 c3 28. Qf2 h5 29. e5 Qd5 30. Nxf6+ Bxf6 31. exf6 Ra2 32. Qg3 Kf7 33. f5 exf5 34. Rce1 Qxd4+ 35. Kh1 Kxf6 36. Rf4 Qd5 37. Qh4+ Kg7 38. Qg5 Re8 0-1


[Site "https://www.chess.com"]

[Event "Titled Tuesday Blitz November 07 Early 2023"]
[White "Bluebaum, Matthias"]
[Black "Pendos666"]
[WhiteFideId "24651516"]
[WhiteElo "3070"]
[BlackElo "2839"]
[Result "1-0"]
[Round "4"]
[TimeControl "180+1"]
[Date "2023.11.07"]
[WhiteClock "0:02:30"]
[BlackClock "0:00:20"]
[Board "5"]

1. d4 Nf6 2. c4 c5 3. d5 b5 4. cxb5 a6 5. bxa6 g6 6. Nc3 Bg7 7. a7 Rxa7 8. e4 O-O 9. Nf3 e6 10. Be2 exd5 11. exd5 d6 12. O-O Na6 13. Nb5 Rd7 14. Bc4 Bb7 15. Qb3 Qa8 16. Rd1 Nc7 17. Nxc7 Rxc7 18. Bf4 Rd8 19. a4 Ne8 20. a5 Ba6 21. Bxa6 Qxa6 22. Re1 Rb7 23. Qa4 Nc7 24. Qc6 Qxc6 25. dxc6 Rxb2 26. Re7 Nd5 27. Rd7 Ra8 28. Bxd6 c4 29. c7 Nxc7 30. Rxc7 c3 31. h4 h6 32. Be5 Bxe5 33. Nxe5 c2 34. Rc1 Rxa5 35. Nf3 Raa2 36. Nd4 Rb1 37. Rxc2 Rxc2 38. Rxb1 Rc4 39. Rd1 1-0


[Site "https://www.chess.com"]

[Event "Titled Tuesday Blitz November 07 Early 2023"]
[White "Nyzhnyk, Illya"]
[Black "Pranav, V"]
[WhiteFideId "14118084"]
[BlackFideId "25060783"]
[WhiteElo "2834"]
[BlackElo "3059"]
[Result "0-1"]
[Round "4"]
[TimeControl "180+1"]
[Date "2023.11.07"]
[WhiteClock "0:00:17"]
[BlackClock "0:01:23"]
[Board "6"]

1. Nf3 Nf6 2. c4 e6 3. g3 a6 4. Nc3 Bb4 5. Bg2 O-O 6. O-O d6 7. Qc2 Nbd7 8. d4 Bxc3 9. Qxc3 Rb8 10. b3 b5 11. Rd1 Bb7 12. Ba3 Re8 13. Rac1 Ra8 14. Qa5 Be4 15. Bb2 bxc4 16. bxc4 h6 17. c5 Nd5 18. Ba3 N7f6 19. cxd6 cxd6 20. Qxd8 Rexd8 21. Nd2 Bxg2 22. Kxg2 a5 23. Rc6 Nb4 24. Rc4 d5 25. Rc5 Nxa2 26. Ra1 Nb4 27. Nb3 Ne4 28. Rcc1 Rdb8 29. Rab1 Na2 30. Rc2 Nac3 31. Rbb2 Na4 32. Rb1 Nec3 0-1


[Site "https://www.chess.com"]